 Dungeon Crawl Stone Soup version 0.18-a0-1120-g03bd624 (webtiles) character file.

78 gorblad the Skirmisher (level 4, -4/37 HPs)
             Began as a Demonspawn Chaos Knight on Jan 17, 2016.
             Slain by Sigmund
             ... wielding a +0 scythe
              (9 damage)
             ... on level 2 of the Dungeon.
             The game lasted 00:03:14 (1628 turns).

gorblad the Skirmisher (Demonspawn Chaos Knight)    Turns: 1628, Time: 00:03:14

Health: -4/37      AC: 10    Str: 13    XL:     4   Next: 15%
Magic:  4/4        EV: 11    Int: 14    God:    Xom [..*...]
Gold:   109        SH:  0    Dex: 12    Spells: 0 memorised, 3 levels left

rFire  . . .     SeeInvis .     a - +0 mace (chaos)
rCold  . . .     Gourm    .     b - +2 leather armour
rNeg   . . .     Faith    .     (no shield)
rPois  .         Spirit   .     (no helmet)
rElec  .         Dismiss  .     d - +1 cloak
rCorr  .         Reflect  .     g - +2 pair of gloves
SustAt .         Harm     .     (no boots)
MR     +....                    (no amulet)
Stlth  +.........               (no ring)
                                j - ring of protection from magic

@: somewhat resistant to hostile enchantments, very unstealthy
A: claws 1, powered by pain 1
a: Renounce Religion


You were on level 2 of the Dungeon.
You worshipped Xom.
You were a toy of Xom.
You were not hungry.

You visited 1 branch of the dungeon, and saw 2 of its levels.

You collected 109 gold pieces.

Inventory:

Hand Weapons
 a - a +0 mace of chaos (weapon)
Armour
 b - a +2 leather armour (worn)
 d - a +1 cloak (worn)
 g - a +2 pair of gloves (worn)
Jewellery
 j - a ring of protection from magic (left hand)
Scrolls
 f - 3 scrolls of remove curse
 m - a scroll of teleportation
Potions
 e - a potion of ambrosia {unknown}
Comestibles
 c - 2 bread rations
 h - 3 meat rations
 k - a chunk of flesh
 l - a beef jerky


   Skills:
 + Level 4.2 Fighting
 + Level 3.6 Maces & Flails
 - Level 1.7 Armour
 - Level 0.8 Dodging


You had 3 spell levels left.
You didn't know any spells.

Dungeon Overview and Level Annotations

Branches:
Dungeon (2/15)

Altars:

Annotations:
D:2 Sigmund


Innate Abilities, Weirdness & Mutations

You have sharp fingernails.
You sometimes gain a little power by taking damage.


Message History

Sigmund is lightly wounded.
Sigmund hits you with a scythe!
You hit Sigmund.
Sigmund is poisoned.
Sigmund is moderately wounded.
Sigmund casts a spell.
Sigmund flickers and vanishes!
Deactivating autopickup; reactivate with Ctrl-A.
You closely miss something.
You hear some strange, mumbled words.
A magic dart appears from out of thin air!
The magic dart hits you!
You miss something. Something hits you but does no damage.
You closely miss something. Something hits you.
You hit something. You freeze something. Something hits you but does no damage.
You barely miss something. Something hits you!
* * * LOW HITPOINT WARNING * * *
You hit something.
Your leather armour prevents you from hitting something.
Something hits you!
You die...

#.# #.# #.#
#.# #.# #l#
#{# #@# #.#
#.#
#.###########
###
#...........#
#<#
##########.##
#.# #..## #.#
#...# #.#
#.###


You could see a giant gecko.

Vanquished Creatures
  Terence (D:2)
  2 adders (D:2)
  2 oozes (D:1)
  2 giant geckos (D:1)
  4 bats
  2 goblins (D:2)
  3 hobgoblins
  5 kobolds
  2 giant newts
  3 rats (D:1)
26 creatures vanquished.

Notes
Turn   | Place    | Note
--------------------------------------------------------------
     0 | D:1      | gorblad the Demonspawn Chaos Knight began the quest for the Orb.
     0 | D:1      | Reached XP level 1. HP: 18/18 MP: 1/1
    82 | D:1      | XOM: divination: detect items
    89 | D:1      | XOM: harmless Divn miscast
   161 | D:1      | Gained mutation: You sometimes gain a little power by taking damage. [demonic ancestry]
   161 | D:1      | Reached XP level 2. HP: 17/24 MP: 2/2
   800 | D:1      | XOM: harmless Conj miscast
  1018 | D:2      | XOM: harmless Pois miscast
  1034 | D:2      | Noticed Terence
  1062 | D:2      | Killed Terence
  1062 | D:2      | Reached skill level 4 in Fighting
  1062 | D:2      | Reached XP level 3. HP: 4/30 MP: 3/3
  1386 | D:2      | Gained mutation: You have sharp fingernails. [demonic ancestry]
  1386 | D:2      | Reached XP level 4. HP: 22/37 MP: 4/4
  1390 | D:2      | XOM: silly message
  1411 | D:2      | XOM: scenery: 1 doors open
  1613 | D:2      | Noticed Sigmund
  1628 | D:2      | Slain by Sigmund

Vault maps used:
D:1:      mrwooster_arrival_statue_3, roderic_filled_cross,
          kennysheep_another_room, moated_statue
D:2:      good_gods_temple_1, uniq_terence, uniq_sigmund

Action                   |  1- 3 |  4- 6 || total
-------------------------+-------+-------++-------
Melee: Mace              |    68 |    29 ||    97
  Use: Scroll            |     4 |     3 ||     7
       Potion            |     2 |       ||     2
 Stab: Invisible         |     2 |       ||     2
  Eat: Chunk             |     2 |     1 ||     3
